2555 views
Uploaded 2021-09-18 06:00:22
Game version 1.32.10
26:33 long 1on1 ladder game on (4)TurtleRock
Saved by aom
2555 views
Uploaded 2021-09-18 06:00:22
Game version 1.32.10
26:33 long 1on1 ladder game on (4)TurtleRock

47 units @ 7.5k
/ 1k
29 buildings @ 3.4k
/ 1.7k



| Scroll of Regeneration | 2 | 200 |
| Staff of Sanctuary | 1 | 250 |
| Potion of Mana | 1 | 200 |
| Scroll of Town Portal | 1 | 350 |
| total: | 5 | 1000g |
| Peasant | 12 | 900 | / | 0 |
| Rifleman | 12 | 2460 | / | 360 |
| Priest | 12 | 1620 | / | 120 |
| Knight | 6 | 1470 | / | 360 |
| Dragonhawk Rider | 5 | 1000 | / | 150 |
| total: | 47 | 7450g | / | 990w |
| Scout Tower | 9 | 270 | / | 180 |
| Guard Tower | 6 | 420 | / | 300 |
| Altar of Kings | 1 | 180 | / | 50 |
| Farm | 8 | 640 | / | 160 |
| Lumber Mill | 1 | 120 | / | 0 |
| Blacksmith | 1 | 140 | / | 60 |
| Barracks | 1 | 160 | / | 60 |
| Arcane Vault | 1 | 130 | / | 30 |
| Town Hall | 3 | 1155 | / | 615 |
| Arcane Sanctum | 3 | 450 | / | 420 |
| Gryphon Aviary | 1 | 140 | / | 150 |
| Keep | 1 | 320 | / | 210 |
| Castle | 1 | 360 | / | 210 |
| total: | 29 | 3385g | / | 1725w |
| 0:05 | Peasant |
| 0:07 | Altar of Kings |
| 0:09 | Peasant |
| 0:17 | Peasant |
| 0:21 | Farm |
| 0:31 | Peasant |
| 0:37 | Lumber Mill |
| 0:46 | Peasant |
| 1:01 | Peasant |
| 1:15 | Peasant |
| 1:36 | Farm |
| 1:38 | Blacksmith |
| 1:43 | Peasant |
| 2:11 | Holy Light |
| 2:15 | Barracks |
| 2:19 | Peasant |
| 2:25 | Farm |
| 2:30 | Peasant |
| 2:51 | Black Gunpowder |
| 2:52 | Keep |
| 3:05 | Arcane Vault |
| 3:36 | Rifleman |
| 3:46 | Farm |
| 4:08 | Rifleman |
| 4:27 | Rifleman |
| 4:30 | Improved Lumber Harvesting |
| 4:49 | Farm |
| 4:50 | Rifleman |
| 5:19 | Long Rifles |
| 5:22 | Refined Gunpowder |
| 5:32 | Arcane Sanctum |
| 5:34 | Arcane Sanctum |
| 5:40 | Scout Tower |
| 6:06 | Rifleman |
| 6:11 | Devotion Aura |
| 6:18 | Guard Tower |
| 6:25 | Arcane Sanctum |
| 6:36 | Rifleman |
| 6:57 | Studded Leather Armor |
| 7:29 | Rifleman |
| 8:17 | Rifleman |
| 8:22 | Farm |
| 8:24 | Priest |
| 8:24 | Priest |
| 8:29 | Castle |
| 8:40 | Scroll of Regeneration |
| 8:58 | Reinforced Leather Armor |
| 9:35 | Rifleman |
| 9:37 | Priest |
| 9:39 | Priest Adept Training |
| 9:43 | Farm |
| 9:56 | Holy Light |
| 9:58 | Rifleman |
| 10:16 | Farm |
| 10:57 | Rifleman |
| 11:23 | Rifleman |
| 11:25 | Priest |
| 11:46 | Imbued Gunpowder |
| 11:57 | Priest |
| 12:09 | Priest Master Training |
| 13:18 | Town Hall |
| 13:21 | Knight |
| 13:22 | Animal War Training |
| 13:39 | Divine Shield |
| 13:55 | Dragonhide Armor |
| 14:26 | Holy Light |
| 14:33 | Scout Tower |
| 14:34 | Scout Tower |
| 16:27 | Guard Tower |
| 16:35 | Guard Tower |
| 16:50 | Priest |
| 16:50 | Priest |
| 16:51 | Knight |
| 16:51 | Knight |
| 17:03 | Priest |
| 17:04 | Scroll of Regeneration |
| 17:08 | Staff of Sanctuary |
| 17:26 | Gryphon Aviary |
| 18:01 | Resurrection |
| 18:33 | Potion of Mana |
| 19:08 | Dragonhawk Rider |
| 19:26 | Town Hall |
| 19:36 | Storm Bolt |
| 19:42 | Scout Tower |
| 19:44 | Scout Tower |
| 19:53 | Town Hall |
| 20:06 | Knight |
| 20:09 | Dragonhawk Rider |
| 20:23 | Iron Plating |
| 20:30 | Guard Tower |
| 20:34 | Scout Tower |
| 20:47 | Scout Tower |
| 20:53 | Scroll of Town Portal |
| 21:02 | Guard Tower |
| 21:06 | Peasant |
| 22:07 | Priest |
| 22:21 | Priest |
| 22:24 | Improved Masonry |
| 22:57 | Steel Plating |
| 23:11 | Scout Tower |
| 23:41 | Summon Water Elemental |
| 24:01 | Knight |
| 24:02 | Dragonhawk Rider |
| 24:16 | Dragonhawk Rider |
| 24:51 | Knight |
| 24:54 | Priest |
| 24:55 | Priest |
| 25:04 | Scout Tower |
| 25:06 | Guard Tower |
| 25:12 | Peasant |
| 25:28 | Dragonhawk Rider |
| Right click | 655 |
| Select | 626 |
| Select group | 268 |
| Misc. action | 181 |
| Build/train/purchase | 108 |
| Use ability | 59 |
| Chat | 23 |
| Minimap ping | 13 |
| Assign group | 7 |
| Esc | 4 |
| Remove unit | 1 |
45 units @ 7.1k
/ 1k
13 buildings @ 2.2k
/ 0.8k



| Rod of Necromancy | 5 | 750 |
| Ritual Dagger | 1 | 125 |
| Potion of Healing | 3 | 450 |
| Orb of Corruption | 2 | 750 |
| Scroll of Town Portal | 1 | 350 |
| Circlet of Nobility | 1 | 175 |
| Periapt of Vitality | 1 | 325 |
| total: | 14 | 2925g |
| Acolyte | 9 | 675 | / | 0 |
| Ghoul | 26 | 3120 | / | 0 |
| Crypt Fiend | 3 | 645 | / | 120 |
| Frost Wyrm | 7 | 2695 | / | 840 |
| total: | 45 | 7135g | / | 960w |
| Nerubian Tower | 3 | 300 | / | 60 |
| Spirit Tower | 2 | 290 | / | 80 |
| Altar of Darkness | 1 | 180 | / | 50 |
| Ziggurat | 6 | 900 | / | 300 |
| Crypt | 1 | 200 | / | 50 |
| Tomb of Relics | 1 | 130 | / | 30 |
| Graveyard | 1 | 215 | / | 0 |
| Necropolis | 1 | 225 | / | 0 |
| Slaughterhouse | 1 | 140 | / | 135 |
| Boneyard | 1 | 175 | / | 200 |
| Halls of the Dead | 1 | 320 | / | 210 |
| Black Citadel | 1 | 325 | / | 230 |
| total: | 13 | 2165g | / | 765w |
| 0:05 | Acolyte |
| 0:07 | Altar of Darkness |
| 0:09 | Ziggurat |
| 0:15 | Acolyte |
| 0:34 | Crypt |
| 0:53 | Tomb of Relics |
| 1:18 | Graveyard |
| 1:35 | Ghoul |
| 1:35 | Ghoul |
| 1:41 | Ghoul |
| 1:58 | Ghoul |
| 2:06 | Death Coil |
| 2:06 | Rod of Necromancy |
| 2:22 | Ghoul |
| 2:52 | Halls of the Dead |
| 2:53 | Ghoul |
| 2:55 | Cannibalize |
| 3:31 | Unholy Aura |
| 3:40 | Unholy Strength |
| 3:41 | Unholy Armor |
| 3:45 | Ziggurat |
| 4:37 | Ghoul |
| 4:38 | Ghoul |
| 4:40 | Ziggurat |
| 5:12 | Ghoul |
| 5:14 | Death Coil |
| 5:41 | Black Citadel |
| 5:44 | Ghoul |
| 6:06 | Nerubian Tower |
| 6:08 | Spirit Tower |
| 6:54 | Breath of Fire |
| 7:32 | Crypt Fiend |
| 7:33 | Web |
| 7:34 | Burrow |
| 7:38 | Rod of Necromancy |
| 7:38 | Ritual Dagger |
| 7:42 | Potion of Healing |
| 7:58 | Potion of Healing |
| 8:46 | Rod of Necromancy |
| 9:07 | Orb of Corruption |
| 9:19 | Ghoul Frenzy |
| 9:28 | Carrion Swarm |
| 10:03 | Circlet of Nobility |
| 10:03 | Periapt of Vitality |
| 10:26 | Boneyard |
| 11:36 | Unholy Aura |
| 11:41 | Drunken Brawler |
| 11:43 | Frost Wyrm |
| 11:47 | Crypt Fiend |
| 12:00 | Creature Attack |
| 12:17 | Rod of Necromancy |
| 12:45 | Vampiric Aura |
| 13:14 | Acolyte |
| 13:15 | Acolyte |
| 13:15 | Acolyte |
| 13:57 | Ziggurat |
| 14:02 | Improved Unholy Strength |
| 14:04 | Improved Unholy Armor |
| 14:06 | Freezing Breath |
| 14:24 | Breath of Fire |
| 14:29 | Necropolis |
| 15:34 | Ghoul |
| 15:34 | Ghoul |
| 15:36 | Frost Wyrm |
| 15:54 | Carrion Swarm |
| 16:41 | Acolyte |
| 16:41 | Acolyte |
| 16:46 | Ghoul |
| 16:46 | Ghoul |
| 16:46 | Ghoul |
| 16:47 | Ghoul |
| 16:47 | Ghoul |
| 19:07 | Frost Wyrm |
| 19:09 | Crypt Fiend |
| 19:11 | Ghoul |
| 19:11 | Ghoul |
| 19:11 | Ghoul |
| 19:26 | Orb of Corruption |
| 19:27 | Rod of Necromancy |
| 19:40 | Ziggurat |
| 19:41 | Ziggurat |
| 19:52 | Scroll of Town Portal |
| 20:25 | Death Coil |
| 20:41 | Frost Wyrm |
| 20:51 | Spirit Tower |
| 20:52 | Nerubian Tower |
| 21:04 | Drunken Brawler |
| 21:11 | Ghoul |
| 21:56 | Frost Wyrm |
| 22:00 | Creature Carapace |
| 22:13 | Acolyte |
| 22:41 | Ghoul |
| 23:02 | Potion of Healing |
| 23:36 | Vampiric Aura |
| 25:07 | Ghoul |
| 25:07 | Ghoul |
| 25:07 | Ghoul |
| 25:07 | Ghoul |
| 25:08 | Frost Wyrm |
| 25:08 | Frost Wyrm |
| 25:11 | Advanced Unholy Strength |
| 25:17 | Slaughterhouse |
| 25:22 | Acolyte |
| 25:42 | Breath of Fire |
| Select group | 1755 |
| Select | 807 |
| Right click | 806 |
| Misc. action | 247 |
| Build/train/purchase | 174 |
| Chat | 115 |
| Use ability | 71 |
| Assign group | 48 |
| Item give/drop | 10 |
| Remove unit | 2 |
| Minimap ping | 1 |